 Dungeon Crawl Stone Soup version 0.24.0-35-gdb84b6a5db (webtiles) character file.

Game seed: 18084957482362004551, levelgen mode: deterministic

5572 MJtheKandyman the Slinger (level 11, -1/109 HPs)
             Began as a Halfling Hunter on Nov 17, 2019.
             Was a High Priest of Okawaru.
             Slain by a troll (4 damage)
             ... on level 9 of the Dungeon on Nov 19, 2019.
             The game lasted 01:31:59 (16121 turns).

MJtheKandyman the Slinger (Halfling Hunter)        Turns: 16121, Time: 01:31:59

Health: -1/109     AC: 32    Str: 13    XL:     11   Next: 2%
Magic:  13/13      EV:  3    Int:  9    God:    Okawaru [*****.]
Gold:   108        SH:  0    Dex: 19    Spells: 10/13 levels left

rFire    . . .     SeeInvis .   s - +2 short sword (protect)
rCold    . . .     Gourm    .   (shield restricted)
rNeg     + + +     Faith    .   (armour currently unavailable)
rPois    +         Spirit   .   (helmet currently unavailable)
rElec    .         Reflect  .   (cloak currently unavailable)
rCorr    .         Harm     .   (gloves currently unavailable)
MR       .....     NoTele   +   (boots currently unavailable)
Stlth    +++.......             (no amulet)
HPRegen  0.28/turn              (no ring)
MPRegen  0.13/turn              (no ring)

@: tree-form, protection aura
A: small, mutation resistance 1
a: Heroism, Finesse, Renounce Religion


You were on level 9 of the Dungeon.
You worshipped Okawaru.
Okawaru was extremely pleased with you.
You were not hungry.
You were a tree.
You visited 2 branches of the dungeon, and saw 10 of its levels.
You also visited: Ossuary.

You collected 438 gold pieces.
You spent 330 gold pieces at shops.

Inventory:

Hand Weapons
 a - a +1 hunting sling
 h - a +0 dagger
 n - a +0 short sword
 o - a +0 hunting sling
 r - a +0 hunting sling
 s - a +2 short sword of protection (weapon)
 t - a +0 rapier
 B - a +2 whip of freezing
 C - a +0 hunting sling
 F - a +0 hunting sling
 G - a +0 short sword
 H - a -3 hunting sling
 L - a +4 quarterstaff of chaos
 P - a +2 short sword of draining
Missiles
 d - 58 sling bullets
 i - 188 stones (quivered)
 v - 10 poisoned darts
 S - a throwing net
Armour
 c - a +0 leather armour (melded)
 e - a +2 robe of magic resistance
 j - a +0 hat (melded)
 x - a +1 pair of gloves (melded)
 K - a +0 cloak of poison resistance
Jewellery
 I - an uncursed amulet of harm
 O - a +3 ring of strength {unknown}
 R - an uncursed amulet of the acrobat {unknown}
Wands
 A - a wand of polymorph (8)
 D - a wand of disintegration (11)
Scrolls
 b - 3 scrolls of remove curse
 g - 4 scrolls of immolation {unknown}
 l - 2 scrolls of random uselessness
 m - 4 scrolls of enchant armour
 p - 2 scrolls of identify
 q - 2 scrolls of blinking {unknown}
 u - 6 scrolls of teleportation {unknown}
 y - 2 scrolls of enchant weapon {unknown}
Potions
 k - 3 potions of flight
 z - 2 potions of lignification
 N - 2 potions of might {unknown}
Comestibles
 f - 11 rations


   Skills:
 - Level 6.3 Fighting
 - Level 8.2 Short Blades
 + Level 11.6 Slings
 + Level 8.3 Dodging
 - Level 5.0 Stealth
 + Level 1.6 Spellcasting
 + Level 3.6 Hexes


You had 10 spell levels left.
You knew the following spells:

 Your Spells              Type           Power        Failure   Level  Hunger
a - Confuse               Hex            #.......     24%         3    ####...

Your spell library contained the following spells:

 Spells                   Type           Power        Failure   Level  Hunger
 Confusing Touch          Hex            #.....       8%          1    ##.....
 Corona                   Hex            #......      8%          1    ##.....
 Tukima's Dance           Hex            #.......     24%         3    ####...
 Ensorcelled Hibernation  Hex/Ice        #.....       26%         2    ###....
 Animate Skeleton         Necr           N/A          34%         1    ##.....
 Apportation              Tloc           #.....       34%         1    ##.....
 Summon Small Mammal      Summ           #...         34%         1    ##.....
 Dazzling Spray           Conj/Hex       #.....       45%         3    ####...


Dungeon Overview and Level Annotations

Branches:
Dungeon (9/15)             Temple (1/1) D:5            Lair (0/6) D:8
Ossuary (visited)
    Orc: D:9-12

Altars:
Ashenzari
Cheibriados
Dithmenos
Elyvilon
Fedhas
Gozag
Hepliaklqana
Kikubaaqudgha
Makhleb
Nemelex Xobeh
Okawaru
Qazlal
Ru
Sif Muna
Trog
Uskayaw
Vehumet
Wu Jian
Xom
Yredelemnul
Zin
The Shining One

Shops:
D:8 (?

Annotations:
D:8 !Joseph!, Joseph


Innate Abilities, Weirdness & Mutations

You are small and have problems with some larger weapons.
You are somewhat resistant to further mutation.


Message History

The troll is severely wounded.
You hit the troll.
The troll is almost dead.
The troll barely misses you. The troll claws you but does no damage.
The troll barely misses you.
You hit the troll.
The troll is almost dead.
The troll bites you but does no damage.
The troll claws you but does no damage. x2
You closely miss the troll.
The troll is almost dead.
The troll bites you but does no damage. The troll claws you.
* * * LOW HITPOINT WARNING * * *
The troll claws you but does no damage.
Okay, then.
You closely miss the troll.
The troll is almost dead.
You hit the troll.
The troll is almost dead.
The troll bites you.
You die...

#.# #.# ### #.# #..
#.#########.# #.........#.#
#.#######.#.# #.# ###.#.##
#.#####......#############
#.<.....#.#....♣T(....(..#######
######..#.##.#.###........(((...
#..#.##.#.# ###############
#..#.##.#.# #..#....#.#
#..###..#.# ######..###..#..
#.........<..###
#.####..<....###.###


You could see a troll.

Vanquished Creatures
  Pikel (D:5)
  Grinder (D:6)
  2 hippogriffs
  Sigmund (D:4)
  A basilisk (D:8)
  A yak (D:7)
  Eustachio (D:6)
  Edmund (D:5)
  A water moccasin (D:7)
  3 porcupines
  2 slaves (D:5)
  An orc warrior (D:8)
  An ice beast (D:8)
  A sky beast (D:6)
  A black bear (D:6)
  A necrophage (D:7)
  2 centaurs
  2 ogres (D:7)
  4 crocodiles (D:8)
  2 bullfrogs
  A wyvern zombie (D:7)
  4 scorpions
  16 killer bees
  4 wights (D:7)
  A crimson imp (D:7)
  2 bullfrog zombies
  7 hounds
  Crazy Yiuf (D:6)
  A centaur skeleton (D:7)
  2 orc priests
  2 bullfrog skeletons (D:5)
  4 iguanas
  3 orc wizards
  7 worker ants
  6 big kobold zombies (Ossuary)
  A hound skeleton (D:8)
  A mummy (Ossuary)
  A howler monkey skeleton (D:5)
  3 gnolls (D:6)
  13 adders
  A shadow imp (D:6)
  2 oozes
  An adder skeleton (D:6)
  A worm (D:3)
  2 dart slugs (D:1)
  11 leopard geckos
  15 orcs
  3 spectral bats (Ossuary)
  4 bats
  6 giant cockroaches
  6 gnoll zombies (Ossuary)
  11 goblins
  4 hobgoblins
  7 jackals
  3 kobolds
  4 quokkas
  A ball python (D:4)
  4 bat simulacra (Ossuary)
  3 frilled lizards
  8 goblin simulacra (Ossuary)
  5 goblin zombies (Ossuary)
  6 hobgoblin zombies (Ossuary)
  A jackal zombie (D:7)
  2 kobold simulacra (Ossuary)
  6 kobold zombies (Ossuary)
  A leopard gecko skeleton (D:4)
  An orc zombie (Ossuary)
  2 quokka skeletons
  A quokka zombie (D:6)
  8 rats
  3 rat simulacra (Ossuary)
  3 spectral goblins (Ossuary)
  3 spectral kobolds (Ossuary)
  3 spectral rats (Ossuary)
252 creatures vanquished.

Vanquished Creatures (others)
  5 dream sheep (D:6)
  2 slaves
  An ogre (D:6)
  A jelly (D:6)
  A shadow imp (D:6)
  3 jackals (D:6)
  2 fungi (D:8)
  3 plants (D:8)
18 creatures vanquished.

Grand Total: 270 creatures vanquished

Notes
Turn   | Place    | Note
-------+----------+-------------------------------------------
     0 | D:1      | MJtheKandyman the Halfling Hunter began the quest for the
                  | Orb.
     0 | D:1      | Reached XP level 1. HP: 14/14 MP: 1/1
   383 | D:1      | Reached XP level 2. HP: 8/20 MP: 2/2
   913 | D:1      | Reached XP level 3. HP: 25/25 MP: 3/3
  1615 | D:2      | Found an iron altar of Okawaru.
  1641 | D:2      | Reached XP level 4. HP: 25/32 MP: 4/4
  1716 | D:2      | Became a worshipper of Warmaster Okawaru
  1963 | D:2      | Reached skill level 6 in Slings
  2107 | D:2      | Reached skill level 1 in Short Blades
  2107 | D:2      | Reached XP level 5. HP: 37/37 MP: 5/5
  3283 | D:4      | Noticed Sigmund
  3453 | D:4      | Killed Sigmund
  3453 | D:4      | Reached * piety under Okawaru
  3453 | D:4      | Reached XP level 6. HP: 38/43 MP: 6/6
  3497 | D:4      | Found a sand-covered staircase.
  3504 | Ossuary  | Entered an ossuary
  3631 | Ossuary  | Reached XP level 7. HP: 48/48 MP: 7/7
  4413 | Ossuary  | Reached skill level 7 in Slings
  4992 | D:4      | Found a shadowy altar of Dithmenos.
  5201 | D:4      | Found an ancient bone altar of Kikubaaqudgha.
  5204 | D:4      | Found a snail-covered altar of Cheibriados.
  5207 | D:4      | Found an ornate altar of the Wu Jian Council.
  5315 | D:4      | Found a glowing golden altar of the Shining One.
  5315 | D:4      | Found a white marble altar of Elyvilon.
  5315 | D:4      | Found a blossoming altar of Fedhas.
  5343 | D:5      | Entered Level 5 of the Dungeon
  5552 | D:5      | Reached XP level 8. HP: 51/54 MP: 8/8
  5595 | D:5      | Found a staircase to the Ecumenical Temple.
  5644 | D:5      | Reached ** piety under Okawaru
  5680 | Temple   | Entered the Ecumenical Temple
  6012 | D:5      | Found a radiant altar of Vehumet.
  7081 | D:5      | Noticed Edmund
  7232 | D:5      | Killed Edmund
  7232 | D:5      | Reached skill level 5 in Fighting
  7551 | D:5      | Reached skill level 8 in Slings
  7933 | D:6      | Reached skill level 5 in Dodging
  8077 | D:6      | Reached skill level 5 in Short Blades
  8077 | D:6      | Reached skill level 5 in Stealth
  8110 | D:6      | Noticed Pikel
  8198 | D:5      | Killed Pikel
  8198 | D:5      | Reached *** piety under Okawaru
  8198 | D:5      | Reached skill level 9 in Slings
  8198 | D:5      | Reached XP level 9. HP: 33/62 MP: 9/9
  8540 | D:6      | Noticed Eustachio
  9549 | D:6      | Killed Eustachio
  9549 | D:6      | Received a gift from Okawaru
 10418 | D:6      | Found a runed translucent door.
 10419 | D:6      | Noticed Crazy Yiuf
 10437 | D:6      | Killed Crazy Yiuf
 10598 | D:6      | Noticed Grinder
 10613 | D:6      | Killed Grinder
 10783 | D:6      | Learned a level 3 spell: Confuse
 11076 | D:6      | Found a shimmering altar of Xom.
 11297 | D:7      | Found an ornate altar of the Wu Jian Council.
 11368 | D:7      | Reached skill level 10 in Slings
 11467 | D:7      | Reached **** piety under Okawaru
 11559 | D:7      | Reached skill level 1 in Hexes
 11559 | D:7      | Reached XP level 10. HP: 41/69 MP: 10/10
 13959 | D:8      | Reached skill level 11 in Slings
 14152 | D:8      | Found a staircase to the Lair.
 14714 | D:8      | Found Jaujokh's Antique Weapon Shoppe.
 14724 | D:8      | Found Viexool's Food Boutique.
 14732 | D:8      | Found Getteutti's Magic Scroll Shop.
 14943 | D:8      | Bought a ration for 55 gold pieces
 14943 | D:8      | Bought a ration for 55 gold pieces
 14943 | D:8      | Bought a ration for 55 gold pieces
 14943 | D:8      | Bought a ration for 55 gold pieces
 14943 | D:8      | Bought a ration for 55 gold pieces
 14943 | D:8      | Bought a ration for 55 gold pieces
 15152 | D:8      | Reached ***** piety under Okawaru
 15195 | D:8      | Reached skill level 1 in Spellcasting
 15522 | D:8      | Noticed Joseph
 15610 | D:8      | Received a gift from Okawaru
 15928 | D:9      | Reached XP level 11. HP: 53/73 MP: 13/13
 16119 | D:9      | HP: 3/109 [troll (5)]
 16121 | D:9      | Slain by a troll

Levels and vault maps discovered:
D:1:      wheals_arrival_linesprint, layout_loops_ring
D:2:      layout_loops_cross, okawaru_ov_weapons_minmay,
          guppyfry_early_lair_pool
D:3:      layout_basic, chequers_serial_rivers_micro_e
D:4:      layout_rooms, gammafunk_temple_overflow_claw,
          grunt_temple_overflow_diamond, enter_ossuary_1,
          minmay_misc_feat_columns, nicolae_dithmenos_the_darkroom, uniq_sigmund
D:5:      minmay_inner_zag, layout_basic, fiery_altar_vehumet,
          minmay_temple_entry_slanted, first_ration, minmay_between, uniq_edmund
D:6:      layout_loops_ring, kb_xom_exploding_sheep, uniq_pikel, uniq_grinder,
          uniq_eustachio, uniq_crazy_yiuf_cottage
D:7:      layout_gridville, basic_altar
D:8:      layout_cave_pools, minmay_lair_entry_grove, serial_shops,
          nicolae_shop_waterfront, shop, nicolae_shop_crystal,
          nicolae_shop_competitors_out_of_business, uniq_joseph, uniq_maurice
D:9:      lemuel_bear_cage, layout_loops_ring, hangedman_fish_farm,
          minivault_16, trog_three_pillars_becter
Temple:   oiseaux_autumnal_temple

Skill      XL: |  1  2  3  4  5  6  7  8  9 10 |
---------------+-------------------------------+-----
Fighting       | 2 3 4 5 6 |  6.3
Slings         | 6 7 9 10 11 | 11.6
Short Blades   | 1 2 3 5 7 8 |  8.2
Stealth        | 3 5 |  5.0
Dodging        | 3 4 5 6 8 |  8.3
Hexes          | 1 3 |  3.6
Spellcasting   | 1 |  1.6

Action                   |  1- 3 |  4- 6 |  7- 9 | 10-12 || total
-------------------------+-------+-------+-------+-------++-------
Melee: Short sword       |    83 |     1 |   335 |   463 ||   882
       Dagger            |       |       |    71 |       ||    71
 Fire: Hunting sling     |    16 |   145 |   353 |   116 ||   630
Throw: Stone             |       |       |     4 |    27 ||    31
Invok: Heroism           |       |       |     2 |       ||     2
Evoke: Wand              |       |       |     2 |     3 ||     5
  Use: Potion            |       |     2 |     2 |     6 ||    10
       Scroll            |       |     6 |     6 |       ||    12
 Stab: Sleeping          |     1 |     1 |     4 |     2 ||     8
       Distracted        |       |       |       |     2 ||     2
  Eat: Chunk             |     2 |     4 |    13 |     5 ||    24
       Ration            |       |     1 |     3 |     3 ||     7
Armor: Leather armour    |    10 |     8 |   158 |    62 ||   238
       Skin              |       |       |       |    47 ||    47
Dodge: Dodged            |    52 |    36 |   540 |   374 ||  1002
